 Dungeon Crawl Stone Soup version 0.24-a0-361-g57161393b2 (webtiles) character file.

Game seed: 1015934658434542903

42 HAL9000 the Ruffian (level 3, 0/28 HPs)
             Began as a Draconian Transmuter on May 26, 2019.
             Succumbed to an adder's poison
             ... on level 2 of the Dungeon.
             The game lasted 00:02:03 (1345 turns).

HAL9000 the Ruffian (Draconian Transmuter)          Turns: 1345, Time: 00:02:04

Health: 0/28       AC:  4    Str: 13    XL:     3   Next: 35%
Magic:  6/6        EV: 12    Int: 13    God:
Gold:   89         SH:  0    Dex: 11    Spells: 3/6 levels left

rFire    . . .     SeeInvis .     - Unarmed
rCold    . . .     Gourm    .   (no shield)
rNeg     . . .     Faith    .   (armour unavailable)
rPois    .         Spirit   .   (helmet restricted)
rElec    .         Reflect  .   d - scarf {cloud immunity}
rCorr    .         Harm     .   (no gloves)
MR       .....                  h - -2 pair of boots (curse)
Stlth    +.........             (no amulet)
HPRegen  0.09/turn              (no ring)
MPRegen  0.10/turn              (no ring)

@: lethally poisoned (0 -> -2)
A: unfitting armour, cold-blooded, AC +5
a: no special abilities


You were on level 2 of the Dungeon.
You were hungry.

You visited 1 branch of the dungeon, and saw 2 of its levels.

You collected 89 gold pieces.

Inventory:

Missiles
 a - 50 arrows
 e - 2 throwing nets (quivered)
Armour
 b - a +0 pair of boots
 d - a scarf of cloud immunity (worn)
 h - a cursed -2 pair of boots (worn)
Scrolls
 f - a scroll of enchant weapon {unknown}
 i - a scroll of amnesia {unknown}
 j - a scroll of teleportation {unknown}
 k - a scroll of fog {unknown}
Comestibles
 c - 6 rations


   Skills:
 - Level 1.1 Fighting
 - Level 1.7 Dodging
 + Level 4.0 Unarmed Combat
 - Level 2.0 Spellcasting
 * Level 2.7 Transmutations


You had 3 spell levels left.
You knew the following spells:

 Your Spells              Type           Power        Failure   Level  Hunger
a - Beastly Appendage     Tmut           #.....       9%          1    ##.....
b - Sticks to Snakes      Tmut           #.......     13%         2    ###....

Your spell library contained the following spells:

 Spells                   Type           Power        Failure   Level  Hunger
 Corona                   Hex            #......      26%         1    ##.....
 Ensorcelled Hibernation  Hex/Ice        #.....       36%         2    ###....
 Spider Form              Tmut/Pois      #.........   41%         3    ####...
 Confuse                  Hex            #.......     58%         3    ####...
 Dazzling Spray           Conj/Hex       #.....       58%         3    ####...
 Tukima's Dance           Hex            #.......     58%         3    ####...
 Ice Form                 Ice/Tmut       #.......     82%         4    #####..
 Blade Hands              Tmut           #.........   93%         5    ######.


Dungeon Overview and Level Annotations

Branches:
Dungeon (2/15)

Altars:
Fedhas
Okawaru


Innate Abilities, Weirdness & Mutations

Your plain brown scales are hard. (AC +5)
You cannot fit into any form of body armour.
You are cold-blooded and may be slowed by cold attacks.


Message History

You feel sick.
You smack the worm!
You kill the worm!
You cannot move.
You cannot move.
You cannot move.
You cannot move.
There is a lethal amount of poison in your body!
Your transformation is almost over.
* * * LOW HITPOINT WARNING * * *
You feel sick.
* * * LOW HITPOINT WARNING * * *
You feel sick.
* * * LOW HITPOINT WARNING * * *
You feel sick.
You feel less wooden.
Your scarf of cloud immunity unmelds from your body.
Your cursed -2 pair of boots unmelds from your body.
You feel immune to the effects of clouds.
You die...

#.#....#.....#)..#
#.#....#.....#.###
#.######<....#.#
##...# #.....#.#
..##.# #...(.'.#
..'..# #.....###
..#### #.....# ###
###'##########
#.....@†...#
##########†# ..#
.... ..#.# .w#.#
... # ###


There were no monsters in sight!

Vanquished Creatures
  An adder (D:2)
  A worm (D:2)
  2 dart slugs (D:1)
  4 goblins
  3 hobgoblins
  A quokka (D:2)
  4 bats (D:1)
  A frilled lizard (D:1)
  6 kobolds
  4 rats
27 creatures vanquished.

Notes
Turn   | Place    | Note
-------+----------+-------------------------------------------
     0 | D:1      | HAL9000 the Draconian Transmuter began the quest for the
                  | Orb.
     0 | D:1      | Reached XP level 1. HP: 16/16 MP: 3/3
    56 | D:1      | Reached XP level 2. HP: 12/23 MP: 3/5
   329 | D:1      | Learned a level 2 spell: Sticks to Snakes
   856 | D:2      | Found a blossoming altar of Fedhas.
  1106 | D:2      | Found an iron altar of Okawaru.
  1305 | D:2      | Reached XP level 3. HP: 28/28 MP: 6/6
  1321 | D:2      | Reached skill level 4 in Unarmed Combat
  1338 | D:2      | HP: 2/42 [poisoned by an adder]
  1345 | D:2      | Succumbed to an adder's poison

Levels and vault maps discovered:
D:1:      lightli_arrival_lavapool, layout_basic, minmay_pentomino_x4
D:2:      layout_basic, fedhas_altar_2, old_standard_altar, okawaru_trees_2

Skill      XL: |  1  2  3 |
---------------+----------+-----
Unarmed Combat | 4 |  4.0
Fighting       | |  1.1
Dodging        | |  1.7
Spellcasting   | |  2.0
Transmutations | |  2.7

Action                   || total
-------------------------++-------
Melee: Unarmed           ||    85
       Tailslap          ||     5
       Kick              ||     2
       Headbutt          ||     2
       Punch             ||     1
 Cast: Beastly Appendage ||     6
  Use: Potion            ||     1
 Stab: Sleeping          ||     1
  Eat: Chunk             ||     1
Armor: Skin              ||    31
Dodge: Dodged            ||    47

Table legend:
 A = Non-vault XP
 B = Vault XP
 C = Vault XP percentage of total XP
 D = Non-vault monster count
 E = Vault monster count
 F = Vault count percentage of total count
                 A         B        C        D         E       F
            +---------+---------+-------+---------+---------+-------
      Total |      56 |       5 |   8.2 |      23 |       4 |  14.8
            +---------+---------+-------+---------+---------+-------
        D:1 |      25 |       5 |  16.7 |      13 |       4 |  23.5
        D:2 |      31 |       0 |   0.0 |      10 |       0 |   0.0
            +---------+---------+-------+---------+---------+-------
